 Dungeon Crawl Stone Soup version 0.29-a0-994-gc5c9f59d18 (webtiles) character file.

Game seed: 14982758199152150378

21702 tilp the Artisan of Death (level 12, -1/92 HPs)
             Began as a Mummy Necromancer on Aug 3, 2022.
             Was a Priest of Kikubaaqudgha.
             Slain by a swamp worm (11 damage)
             ... on level 3 of the Lair of Beasts.
             The game lasted 00:31:42 (22057 turns).

tilp the Artisan of Death (Mummy Necromancer)      Turns: 22057, Time: 00:31:43

Health: -1/92      AC: 10    Str: 16    XL:     12   Next: 56%
Magic:  7/25       EV: 13    Int: 18    God:    Kikubaaqudgha [***...]
Gold:   824        SH:  0    Dex: 13    Spells: 8/29 levels left

rFire   x . .      SeeInvis .   a - +7 quarterstaff of Leteal Sut {drain, Str+4}
rCold   + . .      Faith    .   (shield currently unavailable)
rNeg    + + +      Spirit   .   c - +0 robe
rPois   ∞          Reflect  .   v - +0 helmet
rElec   .          Harm     .   A - +2 cloak {Will+}
rCorr   +          Rampage  .   f - +1 pair of gloves
Will    ++...                   s - +1 pair of boots
Stlth   +.........              D - amulet of regeneration
HPRegen 1.05/turn               u - ring of resist corrosion
MPRegen 0.19/turn               (no ring)

@: animating dead, very slow
A: cold resistance 1, negative energy resistance 3, torment resistance 2, heat
vulnerability 1, in touch with death 1, no potions
a: Renounce Religion, Unearth Wretches


You were on level 3 of the Lair of Beasts.
You worshipped Kikubaaqudgha.
Kikubaaqudgha was most pleased with you.
You visited 3 branches of the dungeon, and saw 15 of its levels.

You collected 824 gold pieces.

Inventory:

Hand Weapons
 a - the +7 quarterstaff of Leteal Sut (weapon) {drain, Str+4}
   (You found it on level 3 of the Lair of Beasts)

   A truly terrible weapon, it drains the life of any living foe it strikes.
   Str:       It affects your strength (+4).
Missiles
 k - 19 boomerangs (quivered)
 m - 32 poisoned darts
 p - 6 throwing nets
Armour
 c - a +0 robe (worn)
 f - a +1 pair of gloves (worn)
 l - a +0 buckler
 s - a +1 pair of boots (worn)
 v - a +0 helmet (worn)
 A - a +2 cloak of willpower (worn)
Jewellery
 o - an amulet of faith
 u - a ring of resist corrosion (left hand)
 D - an amulet of regeneration (around neck)
Wands
 y - a wand of flame (5)
Scrolls
 d - 2 scrolls of amnesia
 g - 2 scrolls of poison
 h - a scroll of enchant weapon {unknown}
 i - 2 scrolls of silence
 j - 6 scrolls of fear
 q - 2 scrolls of teleportation
 r - 3 scrolls of magic mapping {unknown}
 t - 2 scrolls of immolation
 w - 2 scrolls of blinking {unknown}
 C - a scroll of vulnerability {unknown}
Miscellaneous
 e - a piece from Xom's chessboard (15/15)
 B - a tin of tremorstones (2/2)


   Skills:
 - Level 8.0 Fighting
 - Level 6.0 Staves
 - Level 4.0 Dodging
 - Level 2.0 Stealth
 - Level 9.0 Spellcasting
 - Level 6.0 Hexes
 - Level 12.0 Necromancy
 * Level 5.4 Earth Magic
 - Level 6.0 Evocations


You had 8 spell levels left.
You knew the following spells:

 Your Spells              Type           Power      Damage    Failure   Level
a - Necrotise             Necr           100%       1d9       1%          1
b - Vampiric Draining     Necr           67%        2d10      1%          3
c - Animate Dead          Necr           67%        N/A       1%          4
d - Anguish               Hex/Necr       28%        N/A       2%          4
e - Dispel Undead         Necr           67%        3d23      1%          4
f - Borgnjor's Vile Clut  Necr/Erth      28%        N/A       7%          5

Your spell library contained the following spells:

 Spells                   Type           Power      Damage    Failure   Level
 Agony                    Necr           67%        N/A       1%          5
 Inner Flame              Hex/Fire       18%        N/A       8%          3
 Foxfire                  Conj/Fire      32%        2x1d5     9%          1
 Corpse Rot               Necr/Pois/Air  33%        N/A       17%         4
 Conjure Flame            Conj/Fire      8%         6-21      26%         3
 Ozocubu's Armour         Ice            8%         N/A       26%         3
 Metabolic Englaciation   Hex/Ice        9%         N/A       56%         5
 Flame Wave               Conj/Fire      8%         2d5       65%         4
 Simulacrum               Ice/Necr       22%        N/A       75%         6


Dungeon Overview and Level Annotations

Branches:
Dungeon (11/15)            Temple (1/1) D:6            Lair (3/5) D:9
  Swamp (0/4) Lair:3       Spider (0/4) Lair:2
    Orc: D:9-12

Altars:
Ashenzari
Cheibriados
Dithmenos
Fedhas
Gozag
Hepliaklqana
Kikubaaqudgha
Makhleb
Nemelex Xobeh
Okawaru
Qazlal
Ru
Sif Muna
Trog
Uskayaw
Vehumet
Wu Jian
Xom
Yredelemnul

Annotations:
D:3 1 runed translucent door (orc in ghost vault has punk), lucasj's ghost, amateur MiBe
D:6 3 runed translucent doors, olaf's ghost, novice GnWn
D:7 exclusion: shadow
Lair:3 exclusions: death yak and hog


Innate Abilities, Weirdness & Mutations

You are immune to poison.
Your flesh is cold resistant. (rC+)
You are immune to negative energy. (rN+++)
You are immune to unholy pain and torment.
You are vulnerable to heat. (rF-)
You are in touch with the powers of death.
You do not drink.


Message History

Confirm with . or Enter, or press ? or * to list all spells.
You feel a surge of power!
You dismiss your zombies and call upon the dead to rise afresh.
Your elephant zombie crumbles into dust!
The swamp worm bites you.
The swamp worm is wracked by anguish.
The swamp worm bites you!!
The swamp worm is wracked by anguish!!
The swamp worm dies!
Kikubaaqudgha accepts your kill.
The dead are slithering!
The swamp worm closely misses you. The swamp worm misses you.
Unknown command.
Casting: Animate Dead (mildly dangerous; 1% risk of failure)
Confirm with . or Enter, or press ? or * to list all spells.
Aiming: Vampiric Draining (safe; 1% risk of failure)
Press: ? - help, Shift-Dir - straight line, f - swamp worm
Aim: a swamp worm (thin mist, lightly wounded, ally target, anguished)
You feel a surge of power!
You draw life force from the swamp worm!
You feel life coursing into your body.
The swamp worm bites you but does no damage.
The swamp worm bites you!
The swamp worm is wracked by anguish!
The swamp worm bites you!
* * * LOW HITPOINT WARNING * * *
The swamp worm is wracked by anguish!
Your swamp worm zombie bites the swamp worm.
The swamp worm misses you.
Casting: Vampiric Draining (safe; 1% risk of failure)
Confirm with . or Enter, or press ? or * to list all spells.
Aiming: Vampiric Draining (safe; 1% risk of failure)
Press: ? - help, Shift-Dir - straight line, f/p - swamp worm
Aim: a swamp worm (thin mist, heavily wounded, ally target, anguished)
You feel a surge of power!
You draw life force from the swamp worm!
You feel life coursing into your body. The swamp worm bites you!!
* * * LOW HITPOINT WARNING * * *
The swamp worm is wracked by anguish!!
The swamp worm bites you!
* * * LOW HITPOINT WARNING * * *
The swamp worm is wracked by anguish!
The swamp worm bites you!
You die...
Kikubaaqudgha rasps: "You have failed me!
Welcome... oblivion!"

h..........#
...........#
..........##
♣♣♣♣♣........P#
♣Z§§♣♣.......P#
##♣♣w@§§♣.......##
##..~ww§~♣........#
#..♣♣~~§§♣....PP#
##.♣♣♣♣≈♣♣.....##
##.Z♣♣♣♣♣.....##
#...Z..........#
#.........!.....##
.....
.P................#
##....
.................###
#.....


You could see 3 swamp worms and a friendly swamp worm zombie.

Vanquished Creatures
  Harold (Lair:2)
  A hydra (Lair:1)
  A two-headed ogre (D:8)
  2 elephants (Lair:3)
  2 black mambas
  Psyche (D:10)
  A rime drake (Lair:3)
  5 cane toads
  2 kobold demonologists (D:9)
  A hornet (D:10)
  A blink frog (Lair:1)
  Sigmund (D:2)
  3 basilisks
  23 yaks
  3 wyverns
  Grum (D:10)
  A steam dragon (D:8)
  2 acid dragons
  5 water moccasins
  2 orc warriors (D:9)
  2 ice beasts (D:8)
  3 black bears
  2 sky beasts
  2 centaurs
  2 wolves (D:10)
  3 kobold brigands
  10 bullfrogs
  2 scorpions
  2 necrophages
  8 wights
  5 killer bees
  2 vampire bats (D:6)
  4 howler monkeys
  2 orc priests
  A gnoll bouda (D:4)
  4 hounds
  3 jellies
  Terence (D:2)
  8 orc wizards
  3 iguanas
  8 gnolls
  6 adders
  A white imp (D:5)
  3 ufetubi
  A worm (D:2)
  A dart slug (D:2)
  32 orcs
  11 ball pythons
  7 bats
  A bat skeleton (D:6)
  4 bat zombies (D:6)
  4 endoplasms
  5 giant cockroaches
  6 goblins
  5 hobgoblins
  6 jackals
  6 quokkas
  5 frilled lizards
  13 kobolds
  24 rats
  A bush (D:4)
278 creatures vanquished.

Vanquished Creatures (collateral kills)
  2 elephants (Lair:3)
  A bullfrog (Lair:2)
  4 hell rats (Lair:2)
7 creatures vanquished.

Vanquished Creatures (others)
  A two-headed ogre (D:11)
  A lindwurm (Lair:2)
  An elephant (Lair:3)
  Maurice (D:9)
  A rime drake (Lair:2)
  2 cane toads
  3 trolls
  A polar bear (D:9)
  A meliai (Lair:2)
  8 yaks
  A basilisk (Lair:2)
  A wyvern (Lair:2)
  A steam dragon (D:9)
  A swamp worm (Lair:3)
  2 water moccasins
  An elephant zombie (Lair:3)
  A bullfrog (Lair:1)
  4 yak zombies (Lair:2)
  2 killer bees
  2 hell rats (Lair:2)
  An orc (D:9)
  11 fungi
  30 plants
78 creatures vanquished.

Grand Total: 363 creatures vanquished

Notes
Turn   | Place    | Note
-------+----------+-------------------------------------------
     0 | D:1      | tilp the Mummy Necromancer began the quest for the Orb.
     0 | D:1      | Reached XP level 1. HP: 13/13 MP: 4/4
   406 | D:1      | Reached XP level 2. HP: 20/20 MP: 3/5
   578 | D:1      | Reached skill level 1 in Fighting
  1540 | D:2      | Gained mutation: You are in touch with the powers of death.
                  | [Mummy growth]
  1540 | D:2      | Reached XP level 3. HP: 26/26 MP: 5/7
  1554 | D:2      | Learned a level 3 spell: Vampiric Draining
  1579 | D:2      | Noticed Sigmund
  1763 | D:2      | Noticed Terence
  2778 | D:2      | Killed Terence
  2779 | D:2      | Reached XP level 4. HP: 28/33 MP: 0/8
  3109 | D:2      | Learned a level 4 spell: Animate Dead
  3163 | D:3      | Reached skill level 5 in Necromancy
  3239 | D:3      | You fall into a shaft and drop 1 floor!
  3602 | D:3      | Reached XP level 5. HP: 38/38 MP: 7/9
  4053 | D:3      | Reached skill level 6 in Necromancy
  4836 | D:3      | Found a runed translucent door.
  4837 | D:3      | Noticed lucasj's ghost (amateur MiBe)
  4961 | D:3      | Reached XP level 6. HP: 45/45 MP: 4/10
  6959 | D:5      | Entered Level 5 of the Dungeon
  7103 | D:5      | Reached XP level 7. HP: 52/52 MP: 3/12
  7384 | D:5      | Found an ornate altar of the Wu Jian Council.
  7976 | D:5      | Reached skill level 7 in Necromancy
  8378 | D:6      | Found a runed translucent gate.
  8378 | D:6      | Found a runed translucent gate.
  8379 | D:6      | Noticed olaf's ghost (novice GnWn)
  8380 | D:6      | Found a runed translucent gate.
  8422 | D:6      | Reached skill level 1 in Evocations
  8612 | D:6      | Reached XP level 8. HP: 53/60 MP: 12/15
  8743 | D:6      | Found a staircase to the Ecumenical Temple.
  8783 | D:6      | Found a large runed translucent door.
  8785 | D:6      | Found a large runed translucent door.
  8842 | Temple   | Entered the Ecumenical Temple
  8900 | D:6      | Reached skill level 5 in Spellcasting
  9002 | D:6      | Reached skill level 8 in Necromancy
  9154 | D:6      | Found an ancient bone altar of Kikubaaqudgha.
  9668 | D:6      | Became a worshipper of Kikubaaqudgha
  9747 | D:6      | Reached skill level 1 in Staves
  9839 | D:6      | Found a shadowy altar of Dithmenos.
  9991 | D:2      | Killed Sigmund
 10259 | D:7      | Found a bloodstained altar of Trog.
 10506 | D:7      | Reached skill level 5 in Fighting
 10529 | D:7      | Reached XP level 9. HP: 58/68 MP: 4/17
 10988 | D:7      | Found a blossoming altar of Fedhas.
 11000 | D:7      | Found a basalt altar of Yredelemnul.
 11052 | D:7      | Found a hazy altar of Hepliaklqana.
 11633 | D:8      | Reached * piety under Kikubaaqudgha
 11633 | D:8      | Received a gift from Kikubaaqudgha
 11646 | D:8      | Learned a level 4 spell: Anguish
 11678 | D:8      | Reached skill level 9 in Necromancy
 11893 | D:8      | Found a shimmering altar of Xom.
 11923 | D:8      | Noticed a two-headed ogre
 12200 | D:8      | Killed a two-headed ogre
 12201 | D:8      | Reached skill level 1 in Hexes
 13002 | D:9      | Noticed Maurice
 13239 | D:9      | Found a staircase to the Lair.
 13297 | D:9      | Reached XP level 10. HP: 59/76 MP: 12/19
 13464 | D:9      | Killed Maurice
 13759 | D:9      | Reached skill level 10 in Necromancy
 13964 | D:9      | Found a sparkling altar of Nemelex Xobeh.
 14524 | D:10     | Entered Level 10 of the Dungeon
 14704 | D:10     | Noticed Psyche
 14829 | D:10     | Noticed Grum
 15092 | D:10     | Killed Psyche
 15265 | D:10     | Reached ** piety under Kikubaaqudgha
 15433 | D:10     | Killed Grum
 15606 | D:10     | Found a snail-covered altar of Cheibriados.
 15926 | D:11     | Reached XP level 11. HP: 55/83 MP: 5/22
 16419 | D:11     | Noticed a two-headed ogre
 16424 | D:11     | Killed a two-headed ogre
 16868 | Lair:1   | Entered Level 1 of the Lair of Beasts
 16923 | D:9      | Reached skill level 5 in Hexes
 16923 | D:9      | Reached skill level 11 in Necromancy
 17381 | Lair:1   | Noticed a six-headed hydra
 17397 | Lair:1   | Killed a six-headed hydra
 17398 | Lair:1   | Reached skill level 5 in Staves
 17398 | Lair:1   | Reached skill level 5 in Evocations
 18164 | Lair:1   | Reached *** piety under Kikubaaqudgha
 18164 | Lair:1   | Received a gift from Kikubaaqudgha
 18170 | Lair:1   | Learned a level 4 spell: Dispel Undead
 18176 | Lair:1   | Learned a level 5 spell: Borgnjor's Vile Clutch
 18978 | Lair:2   | Reached skill level 1 in Earth Magic
 19404 | Lair:2   | Noticed Harold
 19412 | Lair:2   | Killed Harold
 19634 | Lair:2   | Reached XP level 12. HP: 88/91 MP: 12/24
 20314 | Lair:2   | Reached skill level 12 in Necromancy
 20850 | Lair:2   | Found a hole to the Spider Nest.
 21388 | Lair:3   | Noticed a death yak
 21637 | Lair:3   | Reached skill level 5 in Earth Magic
 22008 | Lair:3   | Identified the +7 quarterstaff of Leteal Sut {drain, Str+4}
 22052 | Lair:3   | Found a staircase to the Swamp.
 22057 | Lair:3   | Slain by a swamp worm

Illustrated notes

Levels and vault maps discovered:
D:1:      scummos_arrival_gate, layout_basic
D:2:      layout_basic, uniq_sigmund, uniq_terence
D:3:      layout_basic, ebering_ghost_inner_flame, minmay_rat_hole
D:4:      layout_loops_corners, chequers_hall_statues_corner_a,
          lexackson_kobold_supper
D:5:      layout_basic, nzn_wu_jian_contemplation, serial_bayou_pond_a
D:6:      layout_loops_ring, kennysheep_vampire_church, jmf_multi_god_temple2,
          minmay_temple_entry_mini_moons, gammafunk_ghost_nasty_kobolds
D:7:      layout_basic, nicolae_overflow_quartered_altars,
          trog_three_pillars_becter, feat_on_display
D:8:      layout_loops_cross, nicolae_overflow_crystal_walls,
          amcnicky_mini_corridor_feature
D:9:      layout_basic, nemelex_spade_bored_becter, uniq_maurice
D:10:     layout_rooms, cheibriados_altar_1, uniq_grum, uniq_psyche
D:11:     layout_basic, zin_statuary
Temple:   nicolae_temple_ecumenical_triangle
Lair:1:   layout_chaotic_city, beast_lair_carwin_7
Lair:2:   layout_misc_corridors, hellmonk_spider_entry_not_the_bees, uniq_harold
Lair:3:   layout_layer_cave, minmay_swamp_entry_worms, uniq_kirke

Skill      XL: |  1  2  3  4  5  6  7  8  9 10 11 12 |
---------------+-------------------------------------+-----
Fighting       | 1 2 3 4 5 6 7 8 |  8.0
Spellcasting   | 3 4 5 6 7 8 9 |  9.0
Dodging        | 2 3 4 |  4.0
Stealth        | 2 |  2.0
Necromancy     | 5 6 7 8 9 10 11 12 | 12.0
Evocations     | 1 2 3 4 5 6 |  6.0
Staves         | 2 4 5 6 |  6.0
Hexes          | 1 4 5 6 |  6.0
Earth Magic    | 2 5 |  5.4

Action                   |  1- 3 |  4- 6 |  7- 9 | 10-12 || total
-------------------------+-------+-------+-------+-------++-------
Melee: Mace              |     8 |       |       |       ||     8
       Quarterstaff      |     2 |   139 |    55 |       ||   196
       Flail             |       |       |    26 |   264 ||   290
       Punch             |       |       |       |     4 ||     4
Throw: Stone             |    11 |       |       |       ||    11
       Boomerang         |       |     7 |    15 |    11 ||    33
 Cast: Necrotise         |    81 |    86 |    93 |    58 ||   318
       Vampiric Draining |       |    13 |    60 |   114 ||   187
       Anguish           |       |       |     6 |   110 ||   116
       Animate Dead      |       |       |       |     4 ||     4
Evoke: Wand              |       |     1 |    15 |     4 ||    20
  Use: Scroll            |     2 |     2 |     5 |     6 ||    15
 Stab: Sleeping          |       |     3 |     2 |       ||     5
Armor: Robe              |     3 |    24 |    55 |   163 ||   245
Dodge: Dodged            |    24 |    63 |   163 |   335 ||   585

Table legend: (Time is in decaauts)
 A = Elapsed time spent in this place.
 B = Non-inter-level travel time spent in this place.
 C = Inter-level travel time spent in this place.
 D = Time resting spent in this place.
 E = Time spent auto-exploring this place.
 F = Levels seen in this place.
 G = Mean time per level.
                   A        B        C        D        E       F      G
               +--------+--------+--------+--------+--------+-----+--------+
         Total |  22216 |  21290 |    926 |   6123 |  12366 |  15 | 1481.1 |
       Dungeon |  17216 |  16405 |    811 |   4722 |   9617 |  11 | 1565.1 |
        Temple |     43 |     36 |      7 |      0 |     31 |   1 |   43.0 |
          Lair |   4956 |   4848 |    108 |   1401 |   2718 |   3 | 1652.0 |
               +--------+--------+--------+--------+--------+-----+--------+

Top non-repeatable levels by time:
     D:4: 2245 daAuts
     D:9: 2099 daAuts
  Lair:2: 2049 daAuts
  Lair:1: 1997 daAuts
     D:8: 1912 daAuts
     D:3: 1830 daAuts
     D:6: 1756 daAuts
     D:2: 1721 daAuts
     D:1: 1490 daAuts
    D:11: 1195 daAuts
     D:5: 1127 daAuts
     D:7: 1055 daAuts
  Lair:3: 908 daAuts
    D:10: 782 daAuts
  Temple: 43 daAuts
